 Dungeon Crawl Stone Soup version 0.28.0-45-g0d030f2227 (webtiles) character file.

Game seed: 12549759863812628836

20040 NinjaNoafa the Protected (level 12, -3/110 HPs)
             Began as a Minotaur Berserker on Apr 15, 2022.
             Was a High Priest of Trog.
             Slain by an 11-headed hydra (12 damage)
             ... in a Gauntlet.
             The game lasted 00:33:47 (15454 turns).

NinjaNoafa the Protected (Minotaur Berserker)      Turns: 15454, Time: 00:33:47

Health: -3/110     AC: 22    Str: 26    XL:     12   Next: 41%
Magic:  11/11      EV:  7    Int:  4    God:    Trog [*****.]
Gold:   749        SH: 16    Dex: 11    Spells: 11/11 levels left

rFire   + + .      SeeInvis .   r - +11 war axe of Sulphur {vamp, rF+}
rCold   + . .      Faith    .   x - +0 kite shield
rNeg    . . .      Spirit   .   y - +0 plate armour
rPois   +          Reflect  +   (helmet restricted)
rElec   +          Harm     .   (no cloak)
rCorr   +          Rampage  .   G - +0 pair of gloves
Will    .....      NoTele   +   C - +0 pair of boots
Stlth   ..........              D - amulet of reflection
HPRegen 0.28/turn               u - +4 ring of protection
MPRegen 0.12/turn               i - +4 ring of slaying

@: resistant, studying Armour
A: horns 2, retaliatory headbutt
a: Renounce Religion, Berserk, Trog's Hand, Brothers in Arms


You were in a Gauntlet.
You worshipped Trog.
Trog was extremely pleased with you.
You visited 1 branch of the dungeon, and saw 13 of its levels.
You also visited: Gauntlet.

You collected 866 gold pieces.
You spent 117 gold pieces at shops.

Inventory:

Hand Weapons
 r - the +11 war axe of Sulphur (weapon) {vamp, rF+}
   (You found it on level 9 of the Dungeon)

   It occasionally heals its wielder for a portion of the damage dealt when it
   wounds a living foe.
   rF:        It protects you from fire.
 s - a +3 hunting sling
Missiles
 e - 2 silver boomerangs
 h - 4 javelins
 j - 468 stones
 k - 14 poisoned darts (quivered)
 m - 2 throwing nets
 q - 9 boomerangs
 t - 91 sling bullets
Armour
 x - a +0 kite shield (worn)
 y - a +0 plate armour (worn)
 C - a +0 pair of boots (worn)
 G - a +0 pair of gloves (worn)
Jewellery
 d - a +6 ring of dexterity
 f - a ring of positive energy
 i - a +4 ring of slaying (right hand)
 l - a ring of flight
 p - an amulet of the acrobat
 u - a +4 ring of protection (left hand)
 D - an amulet of reflection (around neck)
Wands
 g - a wand of polymorph (8)
 n - a wand of iceblast (12)
 v - a wand of flame (49)
Scrolls
 a - 2 scrolls of vulnerability
 c - 2 scrolls of fog
 o - 2 scrolls of immolation
 B - a scroll of identify
 H - a scroll of amnesia
 I - 2 scrolls of magic mapping
Potions
 b - a potion of attraction
 z - a potion of flight


   Skills:
 + Level 11.4 Fighting
 - Level 1.5(4.3) Short Blades
 - Level 7.0(7.2) Long Blades
 + Level 9.9 Axes
 + Level 8.6(8.9) Slings
 - Level 3.0(5.8) Throwing
 + Level 12.5 Armour
 - Level 3.1 Dodging
 + Level 10.0 Shields
 - Level 4.3 Evocations


You had 11 spell levels left.
You didn't know any spells.
Your spell library was empty.

Dungeon Overview and Level Annotations

Branches:
Dungeon (13/15)            Temple (0/1) D:5            Lair (0/6) D:9
    Orc (0/2) D:12        Gauntlet (1/1)
 Vaults: D:13-14

Altars:
Hepliaklqana
Makhleb
Qazlal
Xom

Shops:
D:3 *   D:9 !

Annotations:
Gauntlet 10 transporters, 17 runed translucent doors


Innate Abilities, Weirdness & Mutations

You have a pair of horns on your head.
You reflexively headbutt those who attack you in melee.


Message History

You see here a book of Sloth.
You see here 16 stones.
Okay, then.
There is a transporter here.
You enter the transporter and appear at another place.
The ten-headed hydra completely misses you.
You furiously retaliate!
You headbutt the ten-headed hydra!
You block the ten-headed hydra's attack. x2
The ten-headed hydra bites you but does no damage.
You block the ten-headed hydra's attack.
The ten-headed hydra completely misses you.
The ten-headed hydra bites you.
* * * LOW HITPOINT WARNING * * *
The ten-headed hydra bites you.
* * * LOW HITPOINT WARNING * * *
The ten-headed hydra bites you but does no damage.
The ten-headed hydra bites you!
* * * LOW HITPOINT WARNING * * *
As you read the scroll of fear, it crumbles to dust.
You assume a fearsome visage.
The ten-headed hydra looks frightened!
The shadow imp shouts, "Slither home, thou peeagling milk-livered pustule!"
The shadow imp shouts!
Cornered, the ten-headed hydra turns to fight!
You feel protected.
The ten-headed hydra bites you but does no damage.
You block the ten-headed hydra's attack.
The ten-headed hydra bites you!
* * * LOW HITPOINT WARNING * * *
The ten-headed hydra barely misses you.
You block the ten-headed hydra's attack. x2
The ten-headed hydra bites you but does no damage.
You block the ten-headed hydra's attack.
The ten-headed hydra bites you but does no damage.
The ten-headed hydra closely misses you.
You slice one of the ten-headed hydra's heads off!
The nine-headed hydra grows two more!
You slice the 11-headed hydra!!
You feel better.
The 11-headed hydra is moderately wounded.
The 11-headed hydra bites you!
You die...

#..##Y#...#.##...##.#...#h......#
..©##9#...#.#.....#.#...#b#####.#
**#...#.8.#....©....#.8.#...©...#
#*#..9#...#.#.....#.#...#h#####h#
###..9#...#.##...##.#...#h....hh#
?[©|..#...#..##.##..#...#h[.©bbh#
#######...#..[.©(:..#...#########
#.©.#.....###########.....#.©.#..
#.8.#...8....#.©@#....8...#.8.#..
#.©.#........#.D.#........#.©.#..
########.....#.©.#.....##########
+.©.+..#...#########...#zz....z.z
+...+^.#...#.55p555#...#z##...##z
#+#+#++#...#.#####.#...#z*.###.#.
+...+..#...#...#5..#...#.,##.##..
+...+..#.8.####©####.8.#....©....
#...#++#...#p5.#...#...#.^##.##^.


You could see a 11-headed hydra, a wizard, 2 white imps and 4 shadow imps.

Vanquished Creatures
  Kirke (D:12)
  Josephine (D:11)
  Harold (D:9)
  A boulder beetle (D:12)
  2 centaur warriors
  4 two-headed ogres
  Urug (D:12)
  2 manticores (D:12)
  Psyche (D:8)
  Maggie (D:8)
  A torpor snail (Gauntlet)
  An unseen horror (D:12)
  A kobold demonologist (D:10)
  A polar bear (D:12)
  3 trolls
  2 hornets
  7 wraiths
  A vampire (D:10)
  14 yaks
  A steam dragon (D:8)
  A basilisk (D:11)
  Grum (D:9)
  3 vampire mosquitoes (D:12)
  Duvessa (D:7)
  An acid dragon (D:7)
  2 water moccasins (D:7)
  4 orc warriors
  A sky beast (D:6)
  A hornet zombie (D:8)
  An ice beast (D:7)
  2 black bears (D:6)
  A centaur (D:10)
  3 ogres
  4 wolves (D:9)
  A phantom (D:5)
  A kobold brigand (D:6)
  Blork the orc (D:5)
  3 gnoll sergeants
  4 scorpions
  A water moccasin zombie (D:5)
  A water moccasin skeleton (D:4)
  Dowan (D:7)
  9 killer bees
  5 wights
  A howler monkey (D:7)
  A bullfrog zombie (D:5)
  4 centaur zombies
  3 centaur skeletons
  A hound (D:7)
  3 orc priests
  2 gnoll shamans
  A jelly (D:6)
  2 bullfrog skeletons (D:6)
  6 iguanas
  3 orc wizards
  2 killer bee zombies
  A howler monkey zombie (D:5)
  6 adders
  28 gnolls
  A white imp (D:8)
  3 ufetubi
  A worm (D:5)
  3 dart slugs
  26 orcs
  3 ball pythons (D:1)
  6 endoplasms
  7 giant cockroaches
  24 goblins
  39 hobgoblins
  7 jackals
  13 kobolds
  2 quokkas
  A bat (D:3)
  3 frilled lizards (D:1)
  4 rats
307 creatures vanquished.

Vanquished Creatures (collateral kills)
  A death knight (D:12)
  A deep elf zephyrmancer (D:12)
  2 yaks (D:12)
  2 orcs (D:4)
6 creatures vanquished.

Vanquished Creatures (others)
  A fungus (Gauntlet)
1 creature vanquished.

Grand Total: 314 creatures vanquished

Notes
Turn   | Place    | Note
-------+----------+-------------------------------------------
     0 | D:1      | NinjaNoafa the Minotaur Berserker began the quest for the
                  | Orb.
     0 | D:1      | Reached XP level 1. HP: 19/19 MP: 0/0
   151 | D:1      | Reached XP level 2. HP: 23/27 MP: 1/1
   577 | D:2      | Reached skill level 1 in Short Blades
   704 | D:2      | Reached skill level 3 in Armour
   704 | D:2      | Reached XP level 3. HP: 33/33 MP: 2/2
  1495 | D:2      | Reached XP level 4. HP: 29/41 MP: 3/3
  1764 | D:3      | Noticed an ogre
  1772 | D:3      | Killed an ogre
  1773 | D:3      | Reached XP level 5. HP: 42/47 MP: 4/4
  1774 | D:3      | Reached ** piety under Trog
  1862 | D:3      | Found Kanimem's General Store.
  1906 | D:3      | Reached skill level 4 in Armour
  1973 | D:3      | Found a faded altar of an unknown god.
  2154 | D:3      | Reached skill level 5 in Fighting
  2505 | D:4      | Noticed an ogre
  2511 | D:4      | Killed an ogre
  2512 | D:4      | Reached skill level 1 in Throwing
  2512 | D:4      | Reached XP level 6. HP: 17/56 MP: 5/5
  2800 | D:4      | Found a large runed translucent door.
  2800 | D:4      | Found a large runed translucent door.
  2828 | D:4      | Found a stormy altar of Qazlal.
  2831 | D:4      | Found a hazy altar of Hepliaklqana.
  2838 | D:4      | Reached skill level 5 in Axes
  2987 | D:4      | Reached *** piety under Trog
  3462 | D:4      | You fall into a shaft and drop 2 floors!
  3533 | D:6      | Reached skill level 5 in Armour
  3533 | D:6      | Reached XP level 7. HP: 57/62 MP: 6/6
  3537 | D:6      | Reached skill level 1 in Evocations
  3582 | D:5      | Entered Level 5 of the Dungeon
  3940 | D:5      | Reached skill level 6 in Armour
  4040 | D:5      | Reached **** piety under Trog
  4358 | D:5      | Reached XP level 8. HP: 73/73 MP: 7/7
  4440 | D:5      | Found a staircase to the Ecumenical Temple.
  4515 | D:5      | Noticed Blork the orc
  4521 | D:5      | Killed Blork the orc
  4522 | D:5      | Reached skill level 1 in Slings
  4830 | D:5      | Reached skill level 7 in Armour
  5202 | D:4      | Found a shimmering altar of Xom.
  5202 | D:4      | Found a shimmering altar of Xom.
  6849 | D:4      | Found a shimmering altar of Xom.
  6849 | D:4      | Found a shimmering altar of Xom.
  7198 | D:6      | Reached skill level 8 in Armour
  7965 | D:7      | Reached ***** piety under Trog
  8022 | D:7      | Reached XP level 9. HP: 69/83 MP: 8/8
  8027 | D:7      | Reached skill level 9 in Armour
  8433 | D:7      | Reached skill level 1 in Long Blades
  8664 | D:7      | Noticed Duvessa
  8668 | D:7      | Noticed Dowan
  8678 | D:7      | Killed Duvessa
  8679 | D:7      | Killed Dowan
  9417 | D:8      | Found a burning altar of Makhleb.
  9417 | D:8      | Noticed Maggie
  9427 | D:8      | Killed Maggie
  9428 | D:8      | Reached skill level 5 in Long Blades
  9456 | D:8      | Noticed Psyche
  9466 | D:8      | Killed Psyche
  9467 | D:8      | Reached skill level 5 in Slings
  9765 | D:8      | Reached XP level 10. HP: 48/91 MP: 9/9
 10298 | D:9      | Noticed a two-headed ogre
 10318 | D:9      | Killed a two-headed ogre
 10541 | D:9      | Found Ilugapn's Distillery.
 10549 | D:9      | Noticed a centaur warrior
 10551 | D:9      | Identified the +11 war axe of Sulphur {vamp, rF+}
 10564 | D:9      | Killed a centaur warrior
 10776 | D:9      | Bought a potion of heal wounds for 65 gold pieces
 10776 | D:9      | Bought a potion of might for 52 gold pieces
 10824 | D:9      | Noticed a two-headed ogre
 10829 | D:9      | Killed a two-headed ogre
 11122 | D:9      | Reached skill level 10 in Fighting
 11122 | D:9      | Reached skill level 10 in Armour
 11451 | D:9      | Noticed Grum
 11461 | D:9      | Killed Grum
 11549 | D:9      | Noticed Harold
 11550 | D:9      | Identified a scroll of acquirement
 11550 | D:9      | Acquired a manual of Armour
 11561 | D:9      | Killed Harold
 11562 | D:9      | Reached XP level 11. HP: 86/100 MP: 10/10
 11562 | D:9      | Found a staircase to the Lair.
 11639 | D:10     | Entered Level 10 of the Dungeon
 13913 | D:11     | Reached skill level 11 in Armour
 13994 | D:11     | Noticed a two-headed ogre
 14000 | D:11     | Killed a two-headed ogre
 14087 | D:11     | Noticed Josephine
 14088 | D:11     | Received a gift from Trog
 14093 | D:11     | Killed Josephine
 14094 | D:11     | Reached skill level 5 in Shields
 14604 | D:12     | Noticed Urug
 14658 | D:12     | Noticed a death knight
 14663 | D:13     | Noticed Kirke
 14663 | D:13     | Noticed a brown ugly thing
 14671 | D:12     | Noticed a centaur warrior
 14672 | D:12     | Noticed a deep elf zephyrmancer
 14678 | D:12     | Noticed a lindwurm
 14678 | D:12     | Killed Kirke
 14684 | D:12     | Killed a centaur warrior
 14686 | D:12     | HP: 5/151 [manticore/volley of spikes (11)]
 14693 | D:12     | Killed Urug
 14693 | D:12     | Killed a deep elf zephyrmancer
 14694 | D:12     | Reached XP level 12. HP: 59/108 MP: 11/11
 14701 | D:12     | Killed a death knight
 14709 | D:12     | Reached skill level 12 in Armour
 14870 | D:12     | Found a staircase to the Orcish Mines.
 15037 | D:12     | Noticed a two-headed ogre
 15043 | D:12     | Killed a two-headed ogre
 15047 | D:12     | Noticed a boulder beetle
 15062 | D:12     | Killed a boulder beetle
 15174 | D:12     | Found a gate leading to a gauntlet.
 15191 | Gauntlet | Entered a Gauntlet
 15191 | Gauntlet | Found a transporter.
 15195 | Gauntlet | Found a transporter.
 15203 | Gauntlet | Noticed a hell hog
 15211 | Gauntlet | Found a transporter.
 15212 | Gauntlet | Found a transporter.
 15222 | Gauntlet | Found a transporter.
 15243 | Gauntlet | Found a transporter.
 15253 | Gauntlet | Found a large runed translucent door.
 15254 | Gauntlet | Found a large runed translucent door.
 15254 | Gauntlet | Found a large runed translucent door.
 15254 | Gauntlet | Found a large runed translucent door.
 15255 | Gauntlet | Found a large runed translucent door.
 15255 | Gauntlet | Found a large runed translucent door.
 15256 | Gauntlet | Found a runed translucent gate.
 15256 | Gauntlet | Found a runed translucent door.
 15257 | Gauntlet | Found a transporter.
 15257 | Gauntlet | Found a runed translucent gate.
 15257 | Gauntlet | Found a large runed translucent door.
 15258 | Gauntlet | Found a large runed translucent door.
 15259 | Gauntlet | Found a transporter.
 15260 | Gauntlet | Found a transporter.
 15261 | Gauntlet | Found a runed translucent gate.
 15261 | Gauntlet | Found a runed translucent door.
 15263 | Gauntlet | Found a transporter.
 15264 | Gauntlet | Found a transporter.
 15266 | Gauntlet | Noticed a catoblepas
 15267 | Gauntlet | Found a large runed translucent door.
 15267 | Gauntlet | Found a large runed translucent door.
 15267 | Gauntlet | Found a large runed translucent door.
 15267 | Gauntlet | Found a large runed translucent door.
 15272 | Gauntlet | Found a transporter.
 15276 | Gauntlet | Noticed a seven-headed hydra
 15293 | Gauntlet | HP: 3/110 [nine-headed hydra (10)]
 15294 | Gauntlet | Reached skill level 10 in Shields
 15298 | Gauntlet | Identified the +0 helmet "Kiamn" {rC+}
 15453 | Gauntlet | HP: 3/110 [ten-headed hydra (7)]
 15454 | Gauntlet | Slain by an 11-headed hydra

Illustrated notes

Levels and vault maps discovered:
D:1:      scummos_arrival_forest, layout_rooms, minmay_misc_feat_enclosed,
          chequers_serial_rivers_room_a
D:2:      layout_basic
D:3:      wad_pebble_path, layout_loops_ring, serial_shops, nicolae_shop_stone,
          hellmonk_ecumenical_altar_blasted, serial_bayou_pond_e
D:4:      layout_loops_ring, jmf_multi_god_temple2, xom_redecorated
D:5:      minmay_goblin_kobold_castle, layout_gridville,
          minmay_temple_entry_trees, uniq_blork_the_orc
D:6:      layout_loops_ring, minivault_14
D:7:      layout_basic, nrook_mini_backslash, grunt_ministairs_1, uniq_duvessa
D:8:      layout_basic, lemuel_tele_altar, uniq_psyche, uniq_maggie
D:9:      layout_cave_pools, lair_entry_dummy, serial_shops,
          nicolae_shop_waterfront, uniq_harold, uniq_grum
D:10:     layout_roguey, kennysheep_small_square
D:11:     layout_loops_ring, uniq_josephine
D:12:     layout_stronghold, orc_0_dummy, gauntlet_entry_generic, kb_rosetta,
          uniq_urug, uniq_sonja
D:13:     layout_rooms, palyth_stone_intersect, nicolae_sif_muna_little_library,
          uniq_kirke, uniq_nessos, uniq_erolcha
Gauntlet: minmay_gauntlet_mixed_oops_all_seconds
          [minmay_gauntlet_arena_77_chump_sandwich,
          gammafunk_gauntlet_arena_split_diamond,
          minmay_gauntlet_arena_77_block_sizes,
          gammafunk_gauntlet_arena_corners, minmay_gauntlet_arena_77_two_paths,
          minmay_gauntlet_arena_make_your_own_arena, gauntlet_exit_watery]

Skill      XL: |  1  2  3  4  5  6  7  8  9 10 11 12 |
---------------+-------------------------------------+-----
Fighting       | 4 5 7 9 10 11 | 11.4
Short Blades   | 1 |  1.5
Armour         | 3 4 5 6 8 9 10 11 12 | 12.5
Dodging        | 3 |  3.1
Axes           | 4 5 8 9 |  9.9
Throwing       | 1 3 |  3.0
Evocations     | 2 4 |  4.3
Slings         | 2 5 7 8 |  8.6
Long Blades    | 6 7 |  7.0
Shields        | 9 10 | 10.0

Action                   |  1- 3 |  4- 6 |  7- 9 | 10-12 || total
-------------------------+-------+-------+-------+-------++-------
Melee: Dagger            |    53 |       |       |       ||    53
       Hand axe          |    18 |   108 |   101 |       ||   227
       Headbutt          |    10 |    15 |    27 |    27 ||    79
       Punch             |     1 |     3 |     2 |       ||     6
       Hunting sling     |       |       |     2 |       ||     2
       Great sword       |       |       |    33 |    13 ||    46
       Scimitar          |       |       |    11 |       ||    11
       Unarmed           |       |       |     3 |       ||     3
       War axe           |       |       |       |   146 ||   146
 Fire: Hunting sling     |       |       |   167 |   145 ||   312
Invok: Berserk           |       |       |       |     1 ||     1
       Trog's Hand       |       |       |       |     1 ||     1
       Brothers in Arms  |       |       |       |     1 ||     1
Evoke: Wand              |       |     1 |     1 |     5 ||     7
  Use: Potion            |       |     4 |     3 |    14 ||    21
       Scroll            |       |     7 |       |    12 ||    19
 Stab: Invisible         |       |       |       |     1 ||     1
Armor: Animal skin       |    12 |       |       |       ||    12
       Chain mail        |       |    63 |    39 |       ||   102
       Plate armour      |       |       |    69 |   177 ||   246
       Skin              |       |       |     2 |    56 ||    58
Dodge: Dodged            |    26 |    67 |   131 |   122 ||   346
Block: Other             |       |       |    16 |    27 ||    43
       Kite shield       |       |       |       |   202 ||   202
       Reflection        |       |       |       |     9 ||     9
